 Dungeon Crawl Stone Soup version 0.21.1-1-g345015f (webtiles) character file.

18 mikered the Magician (level 2, -1/19 HPs)
             Began as a Demonspawn Wizard on Apr 22, 2018.
             Slain by an adder (3 damage)
             ... on level 1 of the Dungeon.
             The game lasted 00:05:16 (351 turns).

mikered the Magician (Demonspawn Wizard)             Turns: 351, Time: 00:05:18

Health: -1/19      AC:  3    Str:  7    XL:     2   Next: 48%
Magic:  1/6        EV: 13    Int: 19    God:
Gold:   3          SH:  0    Dex: 11    Spells: 4/7 levels left

rFire    + . .     SeeInvis .   e - +0 dagger
rCold    . . .     Gourm    .   (no shield)
rNeg     . . .     Faith    .   a - +0 robe
rPois    .         Spirit   .   b - +0 hat
rElec    .         Reflect  .   f - +0 cloak
rCorr    .         Harm     .   (no gloves)
MR       .....                  (no boots)
Stlth    ++........             (no amulet)
HPRegen  0.06/turn              (no ring)
MPRegen  0.10/turn              (no ring)

@: lethally poisoned (-1 -> -9), very slightly contaminated
A: talons 1, fire resistance 1, evolution 1
a: no special abilities


You were on level 1 of the Dungeon.
You were not hungry.

You visited 1 branch of the dungeon, and saw 2 of its levels.

You collected 3 gold pieces.

Inventory:

Hand Weapons
 e - a +0 dagger (weapon)
Armour
 a - a +0 robe (worn)
 b - a +0 hat (worn)
 f - a +0 cloak (worn)
Books
 c - a book of Minor Magic

   Spells                             Type                      Level
   a - Magic Dart                     Conjuration                  1
   b - Blink                          Translocation                2
   c - Call Imp                       Summoning                    2
   d - Slow                           Hexes                        2
   e - Conjure Flame                  Conjuration/Fire             3
   f - Mephitic Cloud                 Conjuration/Poison/Air       3
Comestibles
 d - a ration


   Skills:
 + Level 2.9 Dodging
 - Level 1.7 Stealth
 - Level 3.0 Spellcasting
 - Level 1.0 Conjurations
   Level 1.0 Summonings
 - Level 0.8 Translocations


You had 4 spell levels left.
You knew the following spells:

 Your Spells              Type           Power        Failure   Level  Hunger
a - Magic Dart            Conj           #...         10%         1    None
b - Blink                 Tloc           N/A          16%         2    ##.....


Dungeon Overview and Level Annotations

Branches:
Dungeon (2/15)

Altars:


Innate Abilities, Weirdness & Mutations

You have sharp toenails.
Your flesh is heat resistant. (rF+)
You evolve.


Message History

The adder completely misses you.
You hit the adder.
The adder is almost dead.
The adder bites you.
* * * LOW HITPOINT WARNING * * *
You are lethally poisoned!
The adder poisons you!
You hit the adder but do no damage.
The adder is almost dead.
* * * LOW HITPOINT WARNING * * *
You feel sick. The adder bites you but does no damage.
The adder closely misses you.
You hit the adder but do no damage.
The adder is almost dead.
The adder barely misses you.
You barely miss the adder.
The adder is almost dead.
* * * LOW HITPOINT WARNING * * *
You feel sick. The adder bites you.
You die...

..# #......# ..# #......#
..# ####......# ..#
#......############### .(#
#.#...####.....#.....## ..#
#.#.#####.............##
..###...####...............#
.......###.......S.........#
..#..### #.#....@..........#
#....# #.#...............#
...#.### #.#........†......#
...#...# #.#...............#
...###.###.##.............##
.... #..##.###...........##
.###..#.##.# ######.###### .
##.#....# ####.# (
.##.#....#####....#


You could see an adder.

Vanquished Creatures
  A leopard gecko (D:1)
  A ball python (D:1)
  4 goblins (D:1)
  A hobgoblin (D:1)
  2 kobolds (D:1)
  A bat (D:1)
  A frilled lizard (D:1)
  5 rats (D:1)
16 creatures vanquished.

Notes
Turn   | Place    | Note
-------+----------+-------------------------------------------
     0 | D:1      | mikered the Demonspawn Wizard began the quest for the Orb.
     0 | D:1      | Reached XP level 1. HP: 13/13 MP: 4/4
   156 | D:1      | Gained mutation: You have sharp toenails. [demonic ancestry]
   156 | D:1      | Reached XP level 2. HP: 17/19 MP: 0/6
   290 | D:1      | Learned a level 2 spell: Blink
   331 | D:1      | Learned a level 2 spell: Blink
   344 | D:1      | Gained mutation: Your flesh is heat resistant. (rF+) [potion of mutation]
   344 | D:1      | Gained mutation: You evolve. [potion of mutation]
   351 | D:1      | Slain by an adder

Skill      XL: |  1 |
---------------+----+-----
Dodging        | 2 |  2.9
Stealth        | |  1.7
Spellcasting   | |  3.0
Conjurations   | |  1.0
Summonings     | |  1.0
Translocations | |  0.8

Action                   || total
-------------------------++-------
Melee: Dagger            ||    19
       Kick              ||     1
 Cast: Magic Dart        ||    27
  Use: Scroll            ||     2
       Potion            ||     1
Armor: Robe              ||     6
Dodge: Dodged            ||    25
